 Dungeon Sprint DCSS version 0.21-a0-184-g9126a74 (webtiles) character file.

18550 Exxon the Fencer (level 12, -12/119 HPs)
             Began as a Centaur Berserker on Aug 11, 2017.
             Was the Champion of Trog.
             Killed from afar by a wizard (55 damage)
             ... with a crystal spear
             ... in the Dungeon (Sprint IX: "|||||||||||||||||||||||||||||").
             The game lasted 00:13:15 (3212 turns).

Exxon the Fencer (Centaur Berserker)                Turns: 3212, Time: 00:13:16

Health: -12/119    AC: 12    Str: 21    XL:     12   Next: 28%
Magic:  12/12      EV: 11    Int:  6    God:    Trog [******]
Gold:   1911       SH:  0    Dex: 13    Spells: 11/11 levels left

rFire    + . .     SeeInvis .   H - +1 demon blade (elec)
rCold    . . .     Gourm    .   (no shield)
rNeg     . . .     Faith    .   p - +1 scale mail
rPois    +         Spirit   .   C - +0 helmet
rElec    .         Reflect  .   y - +0 cloak
rCorr    .         Harm     .   (no gloves)
MR       ++...     NoTele   +   (no barding)
Stlth    ..........             (no amulet)
HPRegen  1.29/turn              E - ring of protection from fire
MPRegen  0.13/turn              D - ring of poison resistance

@: berserk cooldown, regenerating, slowed
A: hooves 3, deformed body, speed 2, tough skin 3
a: Berserk, Trog's Hand, Brothers in Arms, Burn Spellbooks, Renounce Religion


You were in the Dungeon.
You worshipped Trog.
Trog was exalted by your worship.
You were not hungry.

You visited 1 branch You collected 1911 gold pieces.

Inventory:

Hand Weapons
 G - a +1 longbow
 H - a +1 demon blade of electrocution (weapon)
Armour
 a - a +3 chain mail
 p - a +1 scale mail (worn)
 y - a +0 cloak (worn)
 C - a +0 helmet (worn)
Jewellery
 q - a +3 ring of intelligence
 r - a +2 ring of evasion
 D - a ring of poison resistance (right hand)
 E - a ring of protection from fire (left hand)
 F - an uncursed ring of ice
Wands
 l - a wand of iceblast (7/15)
 x - a wand of polymorph (12/24)
Scrolls
 i - 3 scrolls of blinking
 k - 6 scrolls of remove curse
 m - 2 scrolls of enchant weapon
 n - a scroll of identify
 t - 2 scrolls of enchant armour
 u - 3 scrolls of recharging
 v - 2 scrolls of fear
Potions
 b - 2 potions of agility
 c - a potion of might
 d - 8 potions of curing
 e - 6 potions of heal wounds
 f - a potion of haste
 g - 4 potions of magic
 h - 4 potions of berserk rage
 j - a potion of invisibility
 z - a potion of lignification
Comestibles
 s - 12 meat rations
 A - 39 fruits
 B - 12 bread rations


   Skills:
 + Level 15.0 Fighting
 + Level 19.7 Long Blades
 * Level 3.8 Bows
 + Level 10.8 Armour
 + Level 7.2 Dodging


You had 11 spell levels left.
You didn't know any spells.

Dungeon Overview and Level Annotations

Branches:
Dungeon (1/1)

Altars:
Cheibriados
Dithmenos
Elyvilon
Fedhas
Gozag
Hepliaklqana
Kikubaaqudgha
Makhleb
Nemelex Xobeh
Okawaru
Qazlal
Ru
Sif Muna
Trog
Uskayaw
Vehumet
Wu Jian
Xom
Yredelemnul
Zin
The Shining One
Beogh
Jiyva
Lugonu

Shops:
D }[%:


Innate Abilities, Weirdness & Mutations

You have hooves in place of feet.
Armour fits poorly on your strangely shaped body.
You cover ground very quickly.
You have extremely tough skin. (AC +3)


Message History

The tengu conjurer gestures wildly while chanting.
The tengu conjurer conjures a globe of magical energy!
The wizard points at you and mumbles some strange words.
The crystal spear hits you!
The glowing orange brain pulsates.
You resist with almost no effort.
A battlesphere comes into view.
You barely miss the wizard. You kick the wizard!
The wizard is almost dead.
The wizard closely misses you.
The tengu conjurer mumbles some strange words.
The tengu conjurer blinks!
The rakshasa hits you but does no damage.
The wizard hits you but does no damage.
You closely miss the wizard. Your kick misses the wizard.
The wizard is almost dead.
The rakshasa barely misses you.
The wizard points at you and mumbles some strange words.
The crystal spear hits you!
You die...

▓*▓.▓)▓.▓.▓.▓_▓
▓Q▓.▓.▓.▓.▓.▓_▓
▓.▓.▓.▓.▓.▓.▓_▓
▓§▓.▓)▓.▓÷▓.▓_▓
▓)▓.▓)▓.▓÷▓.▓'▓
▓†▓.▓.▓.▓.▓.▓.▓
▓.▓.▓)▓.▓.▓.▓?▓
▓.▓.▓)▓.▓.▓.▓|▓
▓@▓.▓)▓.▓.▓.▓)▓
▓p▓.▓∩▓.▓.▓.▓.▓
▓R▓.▓)▓.▓.▓.▓.▓
▓t▓.▓∩▓.▓.▓.▓.▓
▓t▓.▓.▓.▓.▓.▓.▓
▓G▓.▓∩▓.▓.▓.▓[▓
▓G▓.▓.▓.▓.▓.▓)▓
▓.▓.▓∩▓.▓.▓.▓.▓
▓.▓(▓.▓.▓.▓.▓


You could see a rakshasa, 2 snapping turtle shaped shifters, 2 glowing orange
brains, a wizard and a tengu conjurer.

Vanquished Creatures
  A dire elephant (D)
  2 hydras (D)
  4 two-headed ogres (D)
  5 ogre magi (D)
  An orc high priest (D)
  2 orc knights (D)
  An ugly thing (D)
  8 elephants (D)
  3 spiny frogs (D)
  2 rime drakes (D)
  2 komodo dragons (D)
  A troll (D)
  A hornet (D)
  A shadow (D)
  Grum (D)
  A yak (D)
  An acid dragon (D)
  2 water moccasins (D)
  2 porcupines (D)
  An ice beast (D)
  4 orc warriors (D)
  A sky beast (D)
  A phantom (D)
  4 wolves (D)
  6 ogres (D)
  A big kobold (D)
  3 crocodiles (D)
  2 bullfrogs (D)
  A scorpion (D)
  A jelly (D)
  3 orc priests (D)
  2 orc wizards (D)
  A worker ant (D)
  An adder (D)
  An adder zombie (D)
  An adder skeleton (D)
  A dart slug (D)
  A leopard gecko (D)
  10 orcs (D)
  A bat (D)
  A giant cockroach (D)
  A hobgoblin (D)
  A bat simulacrum (D)
  2 frilled lizards (D)
  A giant cockroach zombie (D)
  A rat (D)
95 creatures vanquished.

Vanquished Creatures (collateral kills)
  An orc high priest (D)
  Sonja (D)
  2 orc warriors (D)
  An orc wizard (D)
5 creatures vanquished.

Grand Total: 100 creatures vanquished

Notes
Turn   | Place    | Note
-------+----------+-------------------------------------------
     0 | D        | Exxon the Centaur Berserker began the quest for the Orb.
     0 | D        | Reached XP level 1. HP: 19/19 MP: 1/1
     5 | D        | Reached skill level 3 in Long Blades
     8 | D        | Reached ** piety under Trog
     8 | D        | Reached skill level 4 in Long Blades
    20 | D        | Banished a spatial maelstrom
   161 | D        | Reached *** piety under Trog
   161 | D        | Reached XP level 2. HP: 26/26 MP: 2/2
   164 | D        | Reached skill level 5 in Long Blades
   203 | D        | Found a roughly hewn altar of Beogh.
   203 | D        | Found a snail-covered altar of Cheibriados.
   203 | D        | Found a shadowy altar of Dithmenos.
   203 | D        | Found a white marble altar of Elyvilon.
   203 | D        | Found a blossoming altar of Fedhas.
   203 | D        | Found an opulent altar of Gozag.
   204 | D        | Found a hazy altar of Hepliaklqana.
   205 | D        | Found a viscous altar of Jiyva.
   206 | D        | Found an ancient bone altar of Kikubaaqudgha.
   207 | D        | Found a corrupted altar of Lugonu.
   208 | D        | Found a burning altar of Makhleb.
   209 | D        | Found a sparkling altar of Nemelex Xobeh.
   210 | D        | Found an iron altar of Okawaru.
   211 | D        | Found a stormy altar of Qazlal.
   212 | D        | Found a sacrificial altar of Ru.
   213 | D        | Found a deep blue altar of Sif Muna.
   214 | D        | Found a bloodstained altar of Trog.
   215 | D        | Found a hide-covered altar of Uskayaw.
   216 | D        | Found a radiant altar of Vehumet.
   217 | D        | Found an ornate altar of the Wu Jian Council.
   218 | D        | Found a shimmering altar of Xom.
   219 | D        | Found a basalt altar of Yredelemnul.
   220 | D        | Found a glowing silver altar of Zin.
   221 | D        | Found a glowing golden altar of the Shining One.
   274 | D        | Noticed a two-headed ogre
   274 | D        | Noticed a phantom
   274 | D        | Noticed a sky beast
   274 | D        | Noticed a big kobold
   274 | D        | Noticed a hornet
   276 | D        | Reached **** piety under Trog
   276 | D        | Reached skill level 6 in Long Blades
   276 | D        | Reached XP level 3. HP: 31/31 MP: 3/3
   280 | D        | Killed a two-headed ogre
   280 | D        | Reached skill level 11 in Long Blades
   280 | D        | Reached XP level 4. HP: 27/48 MP: 4/4
   280 | D        | Reached XP level 5. HP: 29/53 MP: 5/5
   280 | D        | Reached XP level 6. HP: 34/61 MP: 6/6
   280 | D        | Reached XP level 7. HP: 38/68 MP: 7/7
   281 | D        | Reached skill level 12 in Long Blades
   286 | D        | Reached ***** piety under Trog
   288 | D        | Killed a hornet
   288 | D        | Reached skill level 13 in Long Blades
   288 | D        | Reached XP level 8. HP: 45/78 MP: 8/8
   662 | D        | Noticed a komodo dragon
   662 | D        | Noticed a spiny frog
   662 | D        | Noticed a five-headed hydra
   665 | D        | Received a gift from Trog
   666 | D        | Noticed a rime drake
   671 | D        | Killed a komodo dragon
   671 | D        | Reached skill level 14 in Long Blades
   677 | D        | Killed a ten-headed hydra
   677 | D        | Reached skill level 10 in Fighting
   677 | D        | Reached skill level 5 in Armour
   677 | D        | Reached XP level 9. HP: 64/86 MP: 9/9
   681 | D        | Killed a spiny frog
   681 | D        | Reached skill level 15 in Long Blades
   689 | D        | Killed a rime drake
   700 | D        | Received a gift from Trog
   989 | D        | Noticed a spiny frog
   989 | D        | Noticed a spiny frog
   989 | D        | Noticed a komodo dragon
   991 | D        | Killed a spiny frog
   993 | D        | Noticed a rime drake
   994 | D        | Reached skill level 16 in Long Blades
   997 | D        | Noticed an elephant
   999 | D        | Killed a spiny frog
   999 | D        | Reached ****** piety under Trog
   999 | D        | Reached XP level 10. HP: 96/96 MP: 4/10
  1010 | D        | Received a gift from Trog
  1027 | D        | HP: 1/97 [elephant (10)]
  1028 | D        | Killed an elephant
  1028 | D        | Reached skill level 5 in Dodging
  1369 | D        | Noticed an elephant
  1369 | D        | Noticed an elephant
  1369 | D        | Noticed a dire elephant
  1369 | D        | Noticed an elephant
  1369 | D        | Noticed an elephant
  1369 | D        | Noticed an elephant
  1374 | D        | Killed an elephant
  1379 | D        | Killed a dire elephant
  1379 | D        | Reached skill level 17 in Long Blades
  1382 | D        | Killed an elephant
  1390 | D        | Killed an elephant
  1395 | D        | Noticed an elephant
  1397 | D        | Killed an elephant
  1399 | D        | Noticed an elephant
  1403 | D        | Killed an elephant
  1406 | D        | Killed an elephant
  1406 | D        | Received a gift from Trog
  1406 | D        | Reached XP level 11. HP: 72/106 MP: 11/11
  1801 | D        | Noticed Grum
  1806 | D        | Reached skill level 18 in Long Blades
  1814 | D        | Killed Grum
  2064 | D        | Received a gift from Trog
  2074 | D        | Noticed an orc high priest
  2082 | D        | Killed an orc high priest
  2203 | D        | Noticed an orc knight
  2207 | D        | Received a gift from Trog
  2211 | D        | Noticed an orc knight
  2216 | D        | Killed an orc knight
  2220 | D        | Noticed an orc high priest
  2231 | D        | Killed an orc knight
  2231 | D        | Received a gift from Trog
  2237 | D        | Killed an orc high priest
  2562 | D        | Found Byiheqeu's Gadget Emporium.
  2562 | D        | Noticed an ogre mage
  2562 | D        | Noticed a two-headed ogre
  2562 | D        | Noticed an ogre mage
  2564 | D        | Noticed an ogre mage
  2564 | D        | Killed an ogre mage
  2567 | D        | Killed a two-headed ogre
  2567 | D        | Received a gift from Trog
  2568 | D        | Found Nymaepru's Armour Shoppe.
  2571 | D        | Killed an ogre mage
  2572 | D        | Found Bial's Food Emporium.
  2578 | D        | Killed an ogre mage
  2578 | D        | Reached skill level 19 in Long Blades
  2579 | D        | Noticed a two-headed ogre
  2586 | D        | Found Qiviv's Book Shoppe.
  2589 | D        | Killed a two-headed ogre
  2589 | D        | Received a gift from Trog
  2589 | D        | Reached skill level 10 in Armour
  2593 | D        | Noticed a two-headed ogre
  2595 | D        | Noticed an ogre mage
  2596 | D        | Noticed an ogre mage
  2598 | D        | Killed a two-headed ogre
  2598 | D        | Reached XP level 12. HP: 118/118 MP: 12/12
  2602 | D        | Killed an ogre mage
  2607 | D        | Killed an ogre mage
  2607 | D        | Received a gift from Trog
  2805 | D        | Noticed Sonja
  2812 | D        | Killed Sonja
  3171 | D        | Noticed a seven-headed hydra
  3177 | D        | Killed a ten-headed hydra
  3177 | D        | Received a gift from Trog
  3191 | D        | Reached skill level 15 in Fighting
  3197 | D        | Noticed a rakshasa
  3212 | D        | Killed from afar by a wizard

Vault maps used:
D:        linesprint

Skill      XL: |  1  2  3  4  5  6  7  8  9 10 11 12 |
---------------+-------------------------------------+-----
Long Blades    | 4 6 11 13 14 16 17 19 | 19.7
Fighting       | 8 9 10 11 12 14 15 | 15.0
Armour         | 3 5 7 10 | 10.8
Dodging        | 3 4 5 6 7 |  7.2
Bows           | 3 |  3.8

Action                   |  1- 3 |  4- 6 |  7- 9 | 10-12 || total
-------------------------+-------+-------+-------+-------++-------
Melee: Falchion          |    22 |       |       |       ||    22
       Kick              |     9 |       |    21 |    73 ||   103
       Scimitar          |     5 |       |    58 |    26 ||    89
       Long sword        |       |       |       |   128 ||   128
       Demon blade       |       |       |       |    32 ||    32
Invok: Berserk           |     2 |       |     3 |     5 ||    10
       Trog's Hand       |       |       |     1 |     4 ||     5
       Brothers in Arms  |       |       |       |     2 ||     2
  Eat: Chunk             |       |       |     4 |     4 ||     8
       Bread ration      |       |       |       |     1 ||     1
       Fruit             |       |       |       |     1 ||     1
       Meat ration       |       |       |       |     1 ||     1
Armor: Animal skin       |     7 |       |       |       ||     7
       Scale mail        |       |       |    13 |    51 ||    64
Dodge: Dodged            |    12 |       |    11 |    83 ||   106
       Rpst.: Falchion   |     1 |       |       |       ||     1
       Scimitar          |       |       |     2 |     4 ||     6
       Long sword        |       |       |       |    13 ||    13
       Demon blade       |       |       |       |     1 ||     1
